 Dungeon Crawl Stone Soup version 0.30.1-11-g7821555f0a (webtiles) character file.

Game seed: 5365738350955699846

49 KittyFluff the Trooper (level 3, -4/23 HPs)
             Began as a Gargoyle Berserker on Nov 11, 2023.
             Was a Believer of Trog.
             Slain by a worm (7 damage)
             ... on level 2 of the Dungeon.
             The game lasted 00:04:27 (1529 turns).

KittyFluff the Trooper (Gargoyle Berserker)         Turns: 1529, Time: 00:04:27

Health: -4/23      AC:  6    Str: 22    XL:     3   Next: 75%
Magic:  3/3        EV: 16    Int:  7    God:    Trog [**....]
Gold:   132        SH:  0    Dex:  9    Spells: 2/2 levels left

rFire   . . .        a - +0 mace
rCold   . . .        (no shield)
rNeg    + . .        h - +0 leather armour
rPois   ∞            (no helmet)
rElec   +            (no cloak)
rCorr   .            (no gloves)
SInv    .            (no boots)
Will    .....        (no amulet)
Stlth   +            c - +5 ring of evasion
HPRegen 0.23/turn    (no ring)
MPRegen 0.08/turn

%: no passive effects
@: no status effects
A: sickness immunity, AC +3, negative energy resistance 1, electricity
resistance, torment resistance 1, petrification resistance
a: Renounce Religion, Berserk, Trog's Hand


You were on level 2 of the Dungeon.
You worshipped Trog.
Trog was pleased with you.
You visited 1 branch of the dungeon, and saw 2 of its levels.

You collected 132 gold pieces.

Inventory:

Hand Weapons
 a - a +0 mace (weapon)
 g - a +0 sling
Armour
 h - a +0 leather armour (worn)
Jewellery
 c - a +5 ring of evasion (left hand)
Scrolls
 e - a scroll of enchant weapon {unknown}
 f - a scroll of identify {unknown}
Potions
 d - a potion of heal wounds {unknown}


   Skills:
 + Level 3.5 Fighting
 * Level 3.5 Maces & Flails
 * Level 3.1 Armour
 + Level 1.7 Dodging
 + Level 1.2 Stealth


You had 2 spell levels left.
You didn't know any spells.
Your spell library was empty.

Dungeon Overview and Level Annotations

Branches:
Dungeon (2/15)

Altars:
Okawaru


Innate Abilities, Weirdness & Mutations

You are immune to sickness and miasma.
Your stone body is resilient. (AC +3)
You are immune to poison.
You resist negative energy. (rN+)
You are resistant to electric shocks. (rElec)
You are resistant to unholy torment.
You are immune to petrification.


Message History

The goblin is moderately wounded.
The goblin hits you but does no damage. The worm barely misses you.
The worm enters a dispersal trap!
The goblin blinks! x3; You blink.
Found 3 scrolls labelled YPHUEV RYNE.
The worm blinks!
You barely miss the worm. The worm barely misses you.
You hit the worm but do no damage. You thump the worm!
The worm is heavily wounded.
The worm misses you.
You barely miss the worm.
The worm is moderately wounded.
The goblin closely misses you. The worm bites you.
* * * LOW HITPOINT WARNING * * *
You barely miss the worm.
The worm is moderately wounded.
The goblin closely misses you. The worm closely misses you.
Unknown command.
You barely miss the goblin. The goblin misses you.
The goblin barely misses you. The worm misses you.
You closely miss the goblin. The goblin hits you but does no damage.
You sock the goblin!
You kill the goblin!
Trog accepts your kill. The worm bites you.
* * * LOW HITPOINT WARNING * * *
You barely miss the worm.
The worm is lightly wounded.
The worm completely misses you.
You hit the worm but do no damage.
The worm is lightly wounded.
You hit the worm.
The worm is moderately wounded.
The worm barely misses you.
You sock the worm!
The worm is heavily wounded.
The worm closely misses you.
You barely miss the worm.
The worm is heavily wounded.
The worm bites you!
You die...

..?........#
..........?#
...........#
...........#
...........#
...........#
.#.........#
.......)...####
.....##.@w....#
... #.......# .
#^......#
#.......#
###.......#
#.........#
####.#....>..#
#......#######
. #.#.####


You could see a worm.

Vanquished Creatures
  A worm (D:2)
  3 dart slugs
  4 endoplasms
  2 giant cockroaches
  4 goblins
  2 hobgoblins (D:1)
  3 jackals (D:2)
  A quokka (D:1)
  4 ball pythons
  3 bats
  2 frilled lizards
  6 kobolds
  2 rats
37 creatures vanquished.

Notes
Turn   | Place    | Note
-------+----------+-------------------------------------------
     0 | D:1      | KittyFluff the Gargoyle Berserker began the quest for the
                  | Orb.
     0 | D:1      | Reached XP level 1. HP: 14/14 MP: 1/1
   171 | D:1      | Reached XP level 2. HP: 15/19 MP: 2/2
   746 | D:1      | Reached ** piety under Trog
   824 | D:1      | Reached XP level 3. HP: 23/23 MP: 3/3
  1041 | D:1      | Reached skill level 1 in Stealth
  1447 | D:2      | Found an iron altar of Okawaru.
  1529 | D:2      | Slain by a worm

Illustrated notes

Levels and vault maps discovered:
D:1:      minmay_arrival_stone_box, layout_basic, feat_on_display
D:2:      minmay_inner_zag, layout_rooms, basic_altar

Skill      XL: |  1  2  3 |
---------------+----------+-----
Stealth        | 1 |  1.2
Armour         | 3 |  3.1
Fighting       | |  3.5
Maces & Flails | |  3.5
Dodging        | |  1.7

Action                     || total
---------------------------++-------
  Melee: Mace              ||   119
         Punch             ||     2
 Armour: Animal skin       ||    13
         Leather armour    ||    19
  Dodge: Dodged            ||   104
